Map: Alcyone LE

Players

turt - Winner!

  • Race: Terran Terran
  • League: Diamond
  • Spawn Location: 7:00

KYLE

  • Race: Terran Terran
  • League: Diamond
  • Spawn Location: 1:00

VOD

Have the link to the VOD?

Description

Time

  • Played on: Jan. 4, 2024, 6 p.m.
  • Length: 12:36
Show
View Real Time Build Order
Export as new Build Order

turt Terran - Winner!

Build Orders: Reaper Expand 

Get SALT Encoding   

  12  0:00  SCV  
  13  0:12  SCV  
  14  0:16  Supply Depot  
  14  0:24  SCV  
  15  0:38  SCV  
  15  0:39  Barracks  
  16  0:44  Refinery  
  16  0:50  SCV  
  17  1:02  SCV  
  18  1:14  SCV  
  19  1:27  Orbital Command, Reaper  
  20  1:44  Command Center  
  20  1:53  SCV  
  21  2:01  Marine, Supply Depot  
  21  2:06  Bunker  
  22  2:10  SCV  
  23  2:23  SCV  
  23  2:26  Barracks Reactor  
  24  2:33  Refinery  
  24  2:35  SCV  
  25  2:45  Factory  
  25  2:47  SCV  
  26  2:57  Engineering Bay  
  27  3:00  Orbital Command  
  27  3:01  SCV  
  27  3:04  Marine x2  
  29  3:13  SCV  
  30  3:23  Terran Infantry Weapons Level 1, Supply Depot  
  30  3:24  Marine  
  30  3:25  SCV, Marine  
  33  3:27  SCV  
  33  3:31  Hellion  
  36  3:34  Starport  
  36  3:37  SCV  
  36  3:39  SCV  
  38  3:42  Marine x2  
  39  4:02  Marine x2, SCV x2  
  43  4:05  Factory Reactor  
  43  4:11  Barracks, Medivac  
  43  4:14  SCV x2  
  47  4:20  Marine x2  
  47  4:21  Armory  
  47  4:23  Engineering Bay  
  49  4:26  SCV x2  
  49  4:30  Supply Depot  
  51  4:33  Supply Depot  
  51  4:37  Marine  
  51  4:38  SCV, Marine  
  54  4:51  SCV  
  55  4:55  Marine x2, SCV  
  55  4:59  Command Center  
  58  5:00  Terran Infantry Armor Level 1  
  58  5:01  Barracks Tech Lab  
  58  5:03  SCV  
  58  5:09  SCV  
  58  5:12  Refinery  
  58  5:13  Marine x2  
  61  5:14  Refinery  
  61  5:15  SCV  
  61  5:21  SCV, Marine  
  63  5:25  Stimpack  
  64  5:31  Marine x2  
  66  5:40  Marine  
  67  5:49  Marine x2  
  69  5:55  SCV x2  
  69  5:56  Terran Infantry Weapons Level 2  
  70  5:59  Starport Reactor  
  70  6:05  Factory Tech Lab  
  70  6:08  Barracks x2  
  70  6:10  Supply Depot, Medivac x2, Marine x3, SCV x2  
  79  6:11  Supply Depot  
  79  6:23  SCV  
  79  6:24  SCV  
  81  6:28  Marine x3  
  84  6:35  SCV  
  84  6:36  Siege Tank, SCV  
  89  6:46  Marine x3  
  92  6:59  SCV x2  
  92  7:00  Barracks Reactor x2  
  94  7:02  Medivac  
  94  7:03  Marine x2  
  94  7:04  Combat Shield  
  94  7:07  Marine  
  99  7:09  Orbital Command  
  99  7:11  SCV x2  
  101  7:17  Siege Tank, Supply Depot  
  101  7:18  Supply Depot x2  
  101  7:19  Supply Depot  
  101  7:21  Marine x2  
  106  7:24  Marine, SCV x2  
  106  7:25  Terran Infantry Armor Level 2  
  106  7:28  Terran Vehicle And Ship Armor Level 1  
  109  7:30  Refinery x2  
  109  7:39  Marine x2, SCV x2  
  109  7:42  Marine  
  114  7:45  Supply Depot  
  114  7:48  Supply Depot  
  114  7:57  Marine x2  
  115  8:01  Marine  
  115  8:02  Marine x4  
  110  8:15  Marine x2  
  110  8:19  Marine x2  
  110  8:20  Siege Tank, Medivac x2, Marine x3  
  112  8:27  Terran Infantry Weapons Level 3  
  112  8:32  Marine x2  
  105  8:37  Marine x5  
  102  8:50  Marine x2, Medivac x2  
  102  8:53  Siege Tank  
  102  8:54  Command Center  
  102  8:55  Marine x4  
  112  8:57  Barracks  
  112  8:59  Barracks  
  115  9:05  Marine  
  115  9:08  Marine x2  
  118  9:12  Marine  
  118  9:13  Marine x3  
  122  9:20  Medivac  
  122  9:23  Marine  
  122  9:25  Siege Tank  
  122  9:26  Marine  
  112  9:40  Marine x5  
  112  9:41  Marine  
  112  9:44  Marine  
  107  9:45  Terran Infantry Armor Level 3  
  107  9:47  Barracks Reactor, Barracks Tech Lab  
  107  9:51  Barracks Reactor  
  106  9:57  Siege Tank  
  106  9:58  Marine x6  
  115  10:02  Marine  
  116  10:13  Medivac x2  
  120  10:15  Marine  
  120  10:16  Marine x5  
  120  10:19  Marine  
  127  10:24  Marine x2  
  129  10:29  Siege Tank  
  129  10:33  Marine  
  129  10:34  Marine x5  
  125  10:37  Marine  
  125  10:41  Marine  
  125  10:42  Marine x3  
  108  10:51  Marine  
  108  10:52  Marine x5  
  108  10:54  Orbital Command  
  108  10:55  Marine  
  115  10:59  Marine x2  
  115  11:00  Marine x2  
  115  11:01  Barracks, Siege Tank  
  115  11:02  Barracks  
  122  11:09  Marine x5  
  122  11:10  Marine  
  122  11:11  Barracks  
  128  11:12  Barracks  
  128  11:13  Marine  
  128  11:17  Marine x2  
  128  11:18  Marine x2  
  133  11:27  Marine x6  
  133  11:31  Marine  
  140  11:35  Marine x3  
  140  11:36  Marine  
  140  11:47  SCV  
  140  11:48  SCV x3  
  140  11:53  Medivac x2  
  150  11:54  Siege Tank, Marine  
  150  11:55  Marine x6  
  150  11:58  Barracks Reactor x2  
  150  11:59  SCV  
  150  12:00  SCV x3  
  161  12:02  Supply Depot  
  161  12:04  Supply Depot  
  161  12:09  Marine x4  
  161  12:11  SCV  
  161  12:12  Marine, SCV x3  
  161  12:13  Supply Depot, Marine x6  
  176  12:18  Supply Depot  
  176  12:23  SCV  
  176  12:24  SCV  
Show
View Real Time Build Order
Export as new Build Order

KYLE Terran 

Build Orders: Cyclone Opening 

Get SALT Encoding   

  12  0:00  SCV  
  13  0:12  SCV  
  14  0:18  Supply Depot  
  14  0:24  SCV  
  15  0:39  SCV  
  15  0:41  Barracks  
  16  0:44  Refinery  
  16  0:51  SCV  
  16  0:54  Refinery  
  17  1:05  SCV  
  18  1:17  SCV  
  19  1:28  Reaper  
  19  1:29  Orbital Command  
  20  1:43  Factory  
  20  1:45  Supply Depot  
  20  1:55  SCV  
  20  2:00  Reaper  
  22  2:10  SCV  
  23  2:19  Command Center  
  23  2:31  Hellion  
  23  2:34  Barracks Reactor  
  25  2:38  SCV  
  25  2:43  Starport  
  26  2:49  Supply Depot  
  26  2:50  SCV  
  27  2:56  Cyclone  
  29  3:02  SCV  
  30  3:11  Marine  
  31  3:13  Marine  
  31  3:14  SCV  
  33  3:21  Starport Tech Lab  
  33  3:28  SCV, Refinery  
  34  3:34  Factory Tech Lab  
  34  3:35  Marine x2  
  34  3:39  Orbital Command  
  37  3:59  SCV  
  37  4:06  Command Center, SCV  
  38  4:11  SCV  
  39  4:18  SCV  
  40  4:25  SCV  
  40  4:29  Factory Tech Lab  
  40  4:30  SCV  
  42  4:32  Starport Reactor  
  42  4:33  Marine  
  42  4:34  Marine  
  42  4:37  SCV  
  45  4:41  Command Center  
  45  4:42  SCV  
  46  4:49  SCV  
  46  4:52  Siege Tank  
  50  4:53  Barracks  
  50  4:54  Barracks, SCV  
  50  4:58  Marine  
  50  4:59  Marine  
  53  5:01  SCV  
  54  5:15  SCV x2, Medivac x2  
  54  5:20  Orbital Command  
  60  5:24  Marine x2  
  60  5:27  SCV x2  
  60  5:28  Siege Tank  
  65  5:39  SCV x2  
  66  5:54  Marine x2  
  68  6:00  Hellion  
  68  6:02  Marine x2  
  52  6:04  Orbital Command  
  72  6:11  Combat Shield, Stimpack, Marine  
  72  6:12  SCV  
  72  6:15  Refinery  
  74  6:19  Marine  
  74  6:22  Hellion  
  74  6:24  Barracks, Viking  
  74  6:25  Barracks  
  79  6:26  Viking  
  79  6:30  Marine x3  
  84  6:34  SCV  
  84  6:37  Marine  
  87  6:40  SCV x3  
  87  6:46  SCV  
  89  6:48  Marine x3  
  89  6:52  SCV  
  90  7:00  Marine  
  90  7:05  Supply Depot  
  90  7:06  Supply Depot, SCV, Marine  
  92  7:14  Barracks Reactor x2  
  92  7:20  Barracks  
  92  7:21  Barracks, Engineering Bay  
  92  7:23  Engineering Bay  
  92  7:25  Barracks  
  92  7:27  Siege Tank, SCV x4, Marine x2  
  101  7:34  Marine  
  101  7:35  Marine  
  103  7:39  SCV x4  
  107  7:45  Marine  
  107  7:47  Concussive Shells  
  107  7:48  Marine  
  108  7:57  SCV, Marine x2  
  108  7:58  SCV x2  
  106  8:03  Marine  
  95  8:09  SCV  
  95  8:10  Marine, SCV  
  95  8:11  Marine x6  
  91  8:14  Marine  
  91  8:15  Marine  
  92  8:21  Marine  
  92  8:22  Marine  
  80  8:28  Marine x7  
  80  8:30  Viking x2, Siege Tank  
  80  8:31  Orbital Command, SCV  
  80  8:32  Marine  
  80  8:33  Marine  
  95  8:39  Orbital Command, Marine  
  95  8:40  Marine  
  90  8:46  Marine x7  
  90  8:47  Terran Infantry Armor Level 1  
  97  8:50  Terran Infantry Weapons Level 1, Marine  
  97  8:54  Refinery  
  97  8:55  Marine, Refinery  
  98  8:57  Marine  
  98  9:02  SCV x3  
  104  9:04  Marine x3  
  108  9:11  Marine x2  
  108  9:12  Barracks Tech Lab x2  
  108  9:13  Barracks Tech Lab  
  108  9:16  SCV  
  108  9:17  Marine  
  108  9:18  Marine x2  
  108  9:19  SCV x2  
  108  9:22  Marine x3  
  107  9:29  Marine x2  
  102  9:35  Marine  
  102  9:36  Marine  
  102  9:38  Marine x4  
  104  9:39  Marine  
  104  9:40  Marine x2  
  101  9:47  Marine x2  
  101  9:51  Armory  
  103  9:53  Siege Tank, Marine x2  
  108  10:18  SCV x3, Marine x5  
  116  10:35  SCV, Marine x2  
  116  10:36  SCV  
  116  10:37  Barracks Reactor  
  116  10:39  Barracks Reactor  
  116  10:40  Marine  
  116  10:43  Barracks Reactor  
  116  10:51  Refinery  
  116  10:59  Command Center  
  116  11:06  Siege Tank, SCV x2, Marine x8  
  129  11:13  Marine x2  
  131  11:19  Supply Depot, Marine  
  132  11:30  Supply Depot  
  132  11:34  Supply Depot, Marine  
  132  11:35  Supply Depot  
  127  11:48  Marine x2  
  127  11:51  Marine x8  
  133  11:55  Missile Turret  
  133  11:56  Marine x4  
  133  12:00  Supply Depot  
  137  12:02  Missile Turret  
  137  12:03  Missile Turret  
  137  12:04  SCV x3  
  137  12:06  Marine x2  
  142  12:09  Marine x7  
  142  12:10  Marine  
  142  12:14  Marine x3  
Tags
 
Add a new tag
Caveats
  • Supply blocks, unpowered buildings, or Contaminate may cause inaccurate times.
  • Supply counts are checked every 10 seconds.